3AA
FT. POLK SOUTH THUNDER HAWKS @ ATLANTIC CITY SONICS
08/22/2027
 
TOP OF THE 1ST
Ft. Polk South Thunder Hawks batting - Pitching for Atlantic City Sonics : RHP Norberto Concepción
Pitching: RHP Norberto Concepción
Batting: SHB Kai-xi Choe 0-0: Called Strike
0-1: Foul Ball, location: 2F
0-2: Foul Ball, location: 2F
0-2: Ball
1-2: Strikes out swinging
Batting: RHB Jesús Torres 0-0: SINGLE (Groundball, 56S) (infield hit)
Batting: RHB Walt Shelton 0-0: Ball
1-0: Called Strike
1-1: Ball
2-1: Foul Ball, location: 2F
2-2: Ball
3-2: Grounds into double play, 1-6-3 (Groundball, 13)
Top of the 1st over - 0 run(s), 1 hit(s), 0 error(s), 0 left on base; Ft. Polk South 0 - Atlantic City 0
BOTTOM OF THE 1ST
Atlantic City Sonics batting - Pitching for Ft. Polk South Thunder Hawks : RHP Louis McDowell
Pitching: RHP Louis McDowell
Batting: RHB José López 0-0: Called Strike
0-1: Foul Ball, location: 2F
0-2: Strikes out swinging
Batting: LHB Russ Hanneman 0-0: Called Strike
0-1: Ball
1-1: Ball
2-1: Foul Ball, location: 2F
2-2: Foul Ball, location: 2F
2-2: Ground out 1-3 (Groundball, P)
Batting: RHB Brady Bess 0-0: Swinging Strike
0-1: Ball
1-1: Foul Ball, location: 2F
1-2: Foul Ball, location: 2F
1-2: Foul Ball, location: 2F
1-2: Ball
2-2: Strikes out swinging
Bottom of the 1st over - 0 run(s), 0 hit(s), 0 error(s), 0 left on base; Ft. Polk South 0 - Atlantic City 0
TOP OF THE 2ND
Ft. Polk South Thunder Hawks batting - Pitching for Atlantic City Sonics : RHP Norberto Concepción
Batting: RHB José Morín 0-0: Swinging Strike
0-1: Foul Ball, location: 2F
0-2: Foul Ball, location: 2F
0-2: Ball
1-2: Fly out, F9 (Flyball, 9S)
Batting: SHB Lowell Mullins 0-0: Called Strike
0-1: Ball
1-1: Ball
2-1: SINGLE (Line Drive, 89M)
Batting: RHB Peter Agulera 0-0: Ball
1-0: SINGLE (Line Drive, 7S)
Lowell Mullins to second
Batting: RHB David Phipps 0-0: Ball
1-0: Foul Ball, location: 2F
1-1: Called Strike
Lowell Mullins steals 3rd base
Peter Agulera to second
1-2: Fly out, F8 (Flyball, 89M)
Runner from 3rd tags up, SCORES, throw made
Batting: RHB Gregory Shankland 0-0: Called Strike
0-1: Fly out, F8 (Flyball, 8LM)
Top of the 2nd over - 1 run(s), 2 hit(s), 0 error(s), 1 left on base; Ft. Polk South 1 - Atlantic City 0
BOTTOM OF THE 2ND
Atlantic City Sonics batting - Pitching for Ft. Polk South Thunder Hawks : RHP Louis McDowell
Batting: LHB Todd Blankenburg 0-0: Called Strike
0-1: Fly out, F8 (Flyball, 8RM)
Batting: RHB Thurman Blumer 0-0: Called Strike
0-1: Ball
1-1: Foul Ball, location: 2F
1-2: Foul Ball, location: 2F
1-2: Ball
2-2: TRIPLE (Line Drive, 5L)
Batting: RHB Kevin Malone 0-0: Ground out 5-3 (Groundball, 56S)
Thurman Blumer scores
Batting: RHB Senior Pond 0-0: SOLO HOME RUN (Flyball, 7D), Distance : 368 ft
Batting: RHB Damon Grinter 0-0: Called Strike
0-1: Ball
1-1: Ball
2-1: Swinging Strike
2-2: Strikes out swinging
Bottom of the 2nd over - 2 run(s), 2 hit(s), 0 error(s), 0 left on base; Ft. Polk South 1 - Atlantic City 2
TOP OF THE 3RD
Ft. Polk South Thunder Hawks batting - Pitching for Atlantic City Sonics : RHP Norberto Concepción
Batting: RHB Jorge Flores 0-0: SINGLE (Groundball, 56D)
Batting: SHB Kai-xi Choe 0-0: Fielders Choice at 2nd, 6-4 (Groundball, 6)
Batting: RHB Jesús Torres 0-0: Ball
1-0: Ball
2-0: Ground out 5-3 (Groundball, 56S)
Kai-xi Choe to second
Batting: RHB Walt Shelton 0-0: Ball
1-0: Ball
2-0: Foul Ball, location: 2F
2-1: Fly out, F8 (Flyball, 78M)
Top of the 3rd over - 0 run(s), 1 hit(s), 0 error(s), 1 left on base; Ft. Polk South 1 - Atlantic City 2
BOTTOM OF THE 3RD
Atlantic City Sonics batting - Pitching for Ft. Polk South Thunder Hawks : RHP Louis McDowell
Batting: RHB Cristián Alfonso 0-0: Ball
1-0: Ball
2-0: Ball
3-0: Called Strike
3-1: Ground out 6-3 (Groundball, 6)
Batting: RHB José López 0-0: Called Strike
0-1: Ball
1-1: Foul Ball, location: 2F
1-2: Ball
2-2: Foul Ball, location: 2F
2-2: Ball
3-2: SINGLE (Groundball, 6MD)
Batting: LHB Russ Hanneman 0-0: Ball
Pickoff Throw to First - Out!
1-0: Ball
2-0: Called Strike
2-1: Foul Ball, location: 2F
2-2: Strikes out swinging
Bottom of the 3rd over - 0 run(s), 1 hit(s), 0 error(s), 0 left on base; Ft. Polk South 1 - Atlantic City 2
TOP OF THE 4TH
Ft. Polk South Thunder Hawks batting - Pitching for Atlantic City Sonics : RHP Norberto Concepción
Batting: RHB José Morín 0-0: Ball
1-0: Called Strike
1-1: Foul Ball, location: 2F
1-2: Ground out 4-3 (Groundball, 4)
Batting: SHB Lowell Mullins 0-0: Swinging Strike
0-1: Ball
1-1: Called Strike
1-2: Strikes out swinging
Batting: RHB Peter Agulera 0-0: Ball
1-0: Ball
2-0: Ground out 6-3 (Groundball, 6)
Top of the 4th over - 0 run(s), 0 hit(s), 0 error(s), 0 left on base; Ft. Polk South 1 - Atlantic City 2
BOTTOM OF THE 4TH
Atlantic City Sonics batting - Pitching for Ft. Polk South Thunder Hawks : RHP Louis McDowell
Batting: RHB Brady Bess 0-0: Ball
1-0: SINGLE (Groundball, 34D)
Batting: LHB Todd Blankenburg 0-0: Called Strike
0-1: Fly out, F2 (Popup, 2R)
Batting: RHB Thurman Blumer 0-0: Ball
1-0: Ball
2-0: Called Strike
2-1: Called Strike
2-2: Ball
3-2: Base on Balls
Brady Bess to second
Batting: RHB Kevin Malone 0-0: Called Strike
0-1: Called Strike
0-2: Ball
1-2: Ball
2-2: Strikes out swinging
Batting: RHB Senior Pond 0-0: Called Strike
0-1: Fielders Choice at 2nd, 6-4 (Groundball, 6)
Bottom of the 4th over - 0 run(s), 1 hit(s), 0 error(s), 1 left on base; Ft. Polk South 1 - Atlantic City 2
TOP OF THE 5TH
Ft. Polk South Thunder Hawks batting - Pitching for Atlantic City Sonics : RHP Norberto Concepción
Batting: RHB David Phipps 0-0: SOLO HOME RUN (Flyball, 78XD), Distance : 427 ft
Batting: RHB Gregory Shankland 0-0: Ball
1-0: Ball
2-0: Ball
3-0: Called Strike
3-1: Base on Balls
Batting: RHB Jorge Flores 0-0: Sac Bunt - play at first, batter OUT! 1-3
Gregory Shankland to second
Batting: SHB Kai-xi Choe 0-0: SINGLE (Groundball, 4) (infield hit)
Gregory Shankland to third
Batting: RHB Jesús Torres 0-0: Ball
1-0: DOUBLE (Line Drive, 8LD)
Gregory Shankland scores
Kai-xi Choe to third
Runner from 3rd tries for Home, SAFE, no throw
Batting: RHB Walt Shelton 0-0: Ball
1-0: Ball
2-0: Ball
3-0: Called Strike
3-1: Foul Ball, location: 2F
3-2: Foul Ball, location: 2F
3-2: Ground out 1-3 (Groundball, 13)
Jesús Torres to third
Batting: RHB José Morín 0-0: Swinging Strike
0-1: Called Strike
0-2: Ball
1-2: Fly out, F8 (Line Drive, 89XD)
Top of the 5th over - 3 run(s), 3 hit(s), 0 error(s), 1 left on base; Ft. Polk South 4 - Atlantic City 2
BOTTOM OF THE 5TH
Atlantic City Sonics batting - Pitching for Ft. Polk South Thunder Hawks : RHP Louis McDowell
Batting: RHB Damon Grinter 0-0: Ball
1-0: Ball
2-0: Called Strike
2-1: SINGLE (Groundball, 56D)
Batting: RHB Cristián Alfonso 0-0: Sac Bunt - play at first, batter OUT! 5-3
Damon Grinter to second
Batting: RHB José López 0-0: Called Strike
0-1: Ball
1-1: Called Strike
1-2: Ball
2-2: Fly out, F5 (Line Drive, 56S)
Now at 3B: Will Huggins
Batting: LHB Russ Hanneman 0-0: Called Strike
0-1: Foul Ball, location: 2F
Error on foul ball, E9
0-2: Fly out, F4 (Flyball, 4MD)
Bottom of the 5th over - 0 run(s), 1 hit(s), 1 error(s), 1 left on base; Ft. Polk South 4 - Atlantic City 2
TOP OF THE 6TH
Ft. Polk South Thunder Hawks batting - Pitching for Atlantic City Sonics : RHP Norberto Concepción
Batting: RHB Will Huggins 0-0: Foul Ball, location: 2F
0-1: Called Strike
0-2: Strikes out swinging
Batting: RHB Peter Agulera 0-0: Ball
1-0: Called Strike
1-1: Foul Ball, location: 2F
1-2: Strikes out looking
Batting: RHB David Phipps 0-0: Foul Ball, location: 2F
0-1: Called Strike
0-2: Ball
1-2: Ball
2-2: Strikes out swinging
Top of the 6th over - 0 run(s), 0 hit(s), 0 error(s), 0 left on base; Ft. Polk South 4 - Atlantic City 2
BOTTOM OF THE 6TH
Atlantic City Sonics batting - Pitching for Ft. Polk South Thunder Hawks : RHP Louis McDowell
Batting: RHB Brady Bess 0-0: Ball
1-0: Called Strike
1-1: Foul Ball, location: 2F
1-2: Ball
2-2: Fly out, F8 (Flyball, 8LM)
Batting: LHB Todd Blankenburg 0-0: Ball
1-0: Fly out, F2 (Popup, 23)
Batting: RHB Thurman Blumer 0-0: Called Strike
0-1: Fly out, F7 (Flyball, 78S)
Bottom of the 6th over - 0 run(s), 0 hit(s), 0 error(s), 0 left on base; Ft. Polk South 4 - Atlantic City 2
TOP OF THE 7TH
Ft. Polk South Thunder Hawks batting - Pitching for Atlantic City Sonics : RHP Norberto Concepción
Batting: RHB Gregory Shankland 0-0: Called Strike
0-1: Ball
1-1: Fly out, F6 (Line Drive, 6)
Batting: RHB Jorge Flores 0-0: Foul Ball, location: 2F
0-1: Ball
1-1: Foul Ball, location: 2F
1-2: Ball
2-2: Foul Ball, location: 2F
2-2: Ball
3-2: Fly out, F7 (Flyball, 78M)
Batting: SHB Kai-xi Choe 0-0: Ball
1-0: Called Strike
1-1: Swinging Strike
1-2: Ground out 4-3 (Groundball, 4)
Top of the 7th over - 0 run(s), 0 hit(s), 0 error(s), 0 left on base; Ft. Polk South 4 - Atlantic City 2
BOTTOM OF THE 7TH
Atlantic City Sonics batting - Pitching for Ft. Polk South Thunder Hawks : RHP Louis McDowell
Batting: RHB Kevin Malone 0-0: Called Strike
0-1: Swinging Strike
0-2: Strikes out swinging
Batting: RHB Senior Pond 0-0: Called Strike
0-1: Foul Ball, location: 2F
0-2: Strikes out swinging
Batting: RHB Damon Grinter 0-0: Ball
1-0: Called Strike
1-1: Ball
2-1: Ball
3-1: Hit by Pitch
Pitching: RHP Rubén Sánchez
Batting: RHB Cristián Alfonso 0-0: Ball
Damon Grinter steals 2nd base
1-0: Ground out 5-3 (Groundball, 56)
Bottom of the 7th over - 0 run(s), 0 hit(s), 0 error(s), 1 left on base; Ft. Polk South 4 - Atlantic City 2
TOP OF THE 8TH
Ft. Polk South Thunder Hawks batting - Pitching for Atlantic City Sonics : RHP Norberto Concepción
Batting: RHB Jesús Torres 0-0: Fly out, F8 (Flyball, 8RM)
Batting: RHB Walt Shelton 0-0: Called Strike
0-1: SINGLE (Flyball, 9LS)
Batting: RHB José Morín 0-0: Ball
1-0: Called Strike
1-1: Called Strike
1-2: Foul Ball, location: 2F
1-2: Strikes out swinging
Batting: RHB Will Huggins 0-0: Called Strike
0-1: Swinging Strike
0-2: Foul Ball, location: 2F
0-2: Ball
1-2: Ball
2-2: Ball
Throwing error on steal attempt, E2
Walt Shelton to third
3-2: SINGLE (Groundball, 34D)
Walt Shelton scores
Pitching: LHP David Sherratt
Batting: RHB Peter Agulera 0-0: Ball
Wild Pitch!
Will Huggins to second
1-0: Called Strike
1-1: Foul Ball, location: 2F
1-2: Foul Ball, location: 2F
1-2: Foul Ball, location: 2F
1-2: Foul Ball, location: 2F
1-2: Ball
2-2: Strikes out swinging
Top of the 8th over - 1 run(s), 2 hit(s), 1 error(s), 1 left on base; Ft. Polk South 5 - Atlantic City 2
BOTTOM OF THE 8TH
Atlantic City Sonics batting - Pitching for Ft. Polk South Thunder Hawks : RHP Rubén Sánchez
Batting: RHB José López 0-0: Swinging Strike
0-1: Swinging Strike
0-2: Foul Ball, location: 2F
0-2: Ball
1-2: Foul Ball, location: 2F
1-2: Strikes out looking
Batting: LHB Russ Hanneman 0-0: Ground out 5-3 (Groundball, 5S)
Batting: RHB Brady Bess 0-0: Ball
1-0: Called Strike
1-1: Swinging Strike
1-2: Foul Ball, location: 2F
1-2: Ball
2-2: Fly out, F7 (Line Drive, 7S)
Bottom of the 8th over - 0 run(s), 0 hit(s), 0 error(s), 0 left on base; Ft. Polk South 5 - Atlantic City 2
TOP OF THE 9TH
Ft. Polk South Thunder Hawks batting - Pitching for Atlantic City Sonics : LHP David Sherratt
Batting: RHB David Phipps 0-0: Called Strike
0-1: Ground out 1-3 (Groundball, P)
Batting: RHB Gregory Shankland 0-0: Fly out, F9 (Flyball, 9)
Batting: RHB Jorge Flores 0-0: Ball
1-0: SINGLE (Flyball, 89S)
Batting: SHB Kai-xi Choe 0-0: Called Strike
0-1: Fly out, F9 (Flyball, 9LSF)
Top of the 9th over - 0 run(s), 1 hit(s), 0 error(s), 1 left on base; Ft. Polk South 5 - Atlantic City 2
BOTTOM OF THE 9TH
Atlantic City Sonics batting - Pitching for Ft. Polk South Thunder Hawks : RHP Rubén Sánchez
Pitching: LHP Billy Grange
Batting: LHB Todd Blankenburg 0-0: Called Strike
0-1: Called Strike
0-2: Strikes out looking
Batting: RHB Thurman Blumer 0-0: Called Strike
0-1: Ball
1-1: Foul Ball, location: 2F
1-2: Ball
2-2: Strikes out swinging
Batting: RHB Kevin Malone 0-0: Ball
1-0: Foul Ball, location: 2F
1-1: Foul Ball, location: 2F
1-2: Foul Ball, location: 2F
1-2: Ball
2-2: SOLO HOME RUN (Line Drive, 7D), Distance : 398 ft
Batting: RHB Senior Pond 0-0: Swinging Strike
0-1: Bunt for hit - play at first, batter OUT! 1-3
Bottom of the 9th over - 1 run(s), 1 hit(s), 0 error(s), 0 left on base; Ft. Polk South 5 - Atlantic City 3
Saturday, May 26th, 2018 - OOTP Baseball 17.12 Build 75